[Event "Titled Tuesday Blitz May 24 Late 2022"]
[White "Vujic, Mihailo"]
[Black "Vasquez Schroeder, Rodrigo"]
[WhiteFideId "918873"]
[BlackFideId "3400042"]
[WhiteElo "2256"]
[BlackElo "2567"]
[Result "0-1"]
[Round "03"]
[TimeControl "180+1"]
[Date "2022.05.25"]
[WhiteClock "0:00:01"]
[BlackClock "0:01:03"]

1. e4 c5 2. c3 Nf6 3. e5 Nd5 4. Nf3 d6 5. d4 cxd4 6. cxd4 Nc6 7. Bc4 dxe5 8. Bxd5 Qxd5 9. Nc3 Qd6 10. d5 Nd4 11. Nxd4 exd4 12. Qxd4 e5 13. Qe4 f5 14. Qe2 Kf7 15. O-O Bd7 16. f4 Re8 17. fxe5 Qxe5 18. Qf2 b6 19. Bf4 Qf6 20. Kh1 Bc5 21. Qd2 Qd4 22. Qc2 Rhf8 23. Rad1 Qf6 24. d6 Qe6 25. Nd5 Qe4 26. Qxe4 Rxe4 27. Nc3 Re6 28. a3 a5 29. Rfe1 Rfe8 30. Rxe6 Rxe6 31. h3 h6 32. h4 Ke8 33. Kh2 Bc6 34. Nd5 Kd7 35. b4 axb4 36. axb4 Bf2 37. Ne7 g5 38. Nxc6 gxf4 39. b5 Bg3+ 40. Kh3 Re3 41. h5 Bf2+ 42. Kh2 Re8 43. Nb4 Bg3+ 44. Kh3 Re6 0-1


[Site "https://www.chess.com"]

[Event "Titled Tuesday Blitz May 24 Late 2022"]
[White "Wesolowska, Hanna"]
[Black "Roque Sola, Jose Luis"]
[WhiteFideId "1104683"]
[BlackFideId "5120390"]
[WhiteElo "2399"]
[BlackElo "1983"]
[Result "1-0"]
[Round "03"]
[TimeControl "180+1"]
[Date "2022.05.25"]
[WhiteClock "0:01:30"]
[BlackClock "0:00:02"]

1. e4 e6 2. Nc3 d5 3. d4 Nf6 4. Bg5 dxe4 5. Nxe4 Be7 6. Bxf6 gxf6 7. Nf3 b6 8. Bd3 Bb7 9. Qe2 c6 10. O-O-O Qc7 11. Kb1 Nd7 12. Rhe1 O-O-O 13. c4 f5 14. Nc3 Kb8 15. Bxf5 Bf6 16. Be4 Nf8 17. d5 Bxc3 18. bxc3 cxd5 19. cxd5 exd5 20. Qd3 Ne6 21. Bf5 Nc5 22. Qd4 Qc6 23. Rd2 Na4 24. Rc1 Qb5+ 25. Ka1 Rhe8 26. Ne5 f6 27. Nd3 Re7 28. Nb2 Nc5 29. Qb4 Qxb4 30. cxb4 Ne4 31. Bxe4 Rxe4 32. a3 Rg4 33. g3 d4 34. Nd3 h5 35. Nf4 h4 36. Rc4 hxg3 37. hxg3 Ba6 38. Rcxd4 Rxd4 39. Rxd4 f5 40. Rd5 Bc8 41. Re5 Rg7 42. Kb2 Rd7 43. Re2 Rd4 44. Kc3 Rd6 45. Re8 Kc7 46. Re7+ Kc6 47. Rxa7 Bb7 48. a4 1-0


[Site "https://www.chess.com"]

[Event "Titled Tuesday Blitz May 24 Late 2022"]
[White "Yaksin, Oleg"]
[Black "Szente Varga, Fruzsina"]
[WhiteFideId "24105880"]
[BlackFideId "712264"]
[WhiteElo "2256"]
[BlackElo "1994"]
[Result "1-0"]
[Round "03"]
[TimeControl "180+1"]
[Date "2022.05.25"]
[WhiteClock "0:00:05"]
[BlackClock "0:00:14"]

1. d4 Nf6 2. c4 g6 3. g3 c6 4. Nf3 d5 5. cxd5 cxd5 6. Bg2 Bg7 7. Ne5 O-O 8. O-O Nc6 9. Nxc6 bxc6 10. Nc3 Rb8 11. b3 Bf5 12. Ba3 Re8 13. Rc1 Qa5 14. Na4 Bd7 15. Qe1 Qa6 16. Bb2 Ne4 17. Qd1 h5 18. Re1 h4 19. Qc2 hxg3 20. hxg3 Bf5 21. Qd1 Qc8 22. e3 Bh3 23. Qc2 Bxg2 24. Kxg2 Ng5 25. Rh1 Qg4 26. Rh4 Qf3+ 27. Kg1 e5 28. dxe5 Bxe5 29. Bxe5 Rxe5 30. Nc5 Rxe3 31. Qd1 Re2 32. Qf1 Rbe8 33. Nd7 Qf5 34. f4 Ne4 35. Qxe2 Qxd7 36. Kg2 Qf5 37. Re1 Kg7 38. Reh1 Kf6 39. Qb2+ Ke7 40. Re1 Kd7 41. Qd4 Re7 42. Rh8 Kd6 43. Rd8+ Kc7 44. Rh8 Qg4 45. Qxa7+ Kd6 46. Qb8+ Ke6 47. Qc8+ Kf6 48. Qxg4 1-0


[Site "https://www.chess.com"]

[Event "Titled Tuesday Blitz May 24 Late 2022"]
[White "Yang, Kaiqi"]
[Black "Toncheva, Nadya"]
[WhiteFideId "8604398"]
[BlackFideId "2924056"]
[WhiteElo "2373"]
[BlackElo "1888"]
[Result "1-0"]
[Round "03"]
[TimeControl "180+1"]
[Date "2022.05.25"]
[WhiteClock "0:00:06"]
[BlackClock "0:00:04"]

1. d4 Nf6 2. c4 e6 3. Nc3 c5 4. d5 exd5 5. cxd5 d6 6. e4 g6 7. f4 Bg7 8. Bb5+ Nfd7 9. a4 O-O 10. Nf3 Na6 11. O-O Nc7 12. Bd3 b6 13. Kh1 Ba6 14. Re1 Re8 15. Bc2 b5 16. axb5 Bxb5 17. Nxb5 Nxb5 18. Ba4 a6 19. Ra2 Rb8 20. Bd2 Nf6 21. Qc2 Re7 22. Bxb5 axb5 23. b4 Qe8 24. bxc5 dxc5 25. e5 Nxd5 26. Qxc5 Rd7 27. Ng5 b4 28. e6 fxe6 29. Nxe6 Qe7 30. Qf2 Qf6 31. Nxg7 Kxg7 32. Bc1 b3 33. Bb2 Nc3 34. Ra3 Rc7 35. h3 Rbc8 36. Rxb3 Kh6 37. Qe3 Nd5 38. Bxf6 Nxe3 39. Rbxe3 Rc1 40. Bg5+ Kg7 41. Rxc1 Rxc1+ 42. Kh2 Rc6 43. Re7+ Kg8 44. Bh6 Ra6 45. Kg3 Ra3+ 46. Kg4 Ra6 47. Kg5 Ra8 48. g4 Ra6 49. f5 Ra8 50. Rd7 gxf5 51. gxf5 Re8 52. f6 Kh8 53. Bg7+ Kg8 54. f7+ Kxg7 55. fxe8=Q# 1-0


[Site "https://www.chess.com"]

[Event "Titled Tuesday Blitz May 24 Late 2022"]
[White "Yedidia, Daniel"]
[Black "Kujawski, Adam"]
[WhiteFideId "30905907"]
[BlackFideId "1100920"]
[WhiteElo "2573"]
[BlackElo "1982"]
[Result "1-0"]
[Round "03"]
[TimeControl "180+1"]
[Date "2022.05.25"]
[WhiteClock "0:00:21"]
[BlackClock "0:00:01"]

1. d4 Nf6 2. c4 e6 3. Nc3 Bb4 4. e3 c5 5. dxc5 Na6 6. Ne2 Nxc5 7. a3 Bxc3+ 8. Nxc3 O-O 9. b4 Nce4 10. Nxe4 Nxe4 11. Bb2 f5 12. Be2 b6 13. O-O Qh4 14. Qd4 Qh6 15. Rad1 Rf7 16. a4 Bb7 17. f3 Ng5 18. Kh1 Re8 19. Qf4 Rff8 20. Rxd7 Rf7 21. Rxf7 Nxf7 22. Qxh6 Nxh6 23. Rd1 Re7 24. Kg1 Kf7 25. Kf2 Ng8 26. Rd8 Nf6 27. Bd3 h6 28. Be5 Nd7 29. Bd6 1-0


[Site "https://www.chess.com"]

[Event "Titled Tuesday Blitz May 24 Late 2022"]
[White "Yuan, Qingyu"]
[Black "Stevens, Christian"]
[WhiteFideId "8609772"]
[BlackFideId "2604450"]
[WhiteElo "2359"]
[BlackElo "2536"]
[Result "1/2-1/2"]
[Round "03"]
[TimeControl "180+1"]
[Date "2022.05.25"]
[WhiteClock "0:00:07"]
[BlackClock "0:00:05"]

1. e4 c6 2. Nf3 d5 3. Nc3 dxe4 4. Nxe4 Nd7 5. d4 Ngf6 6. Neg5 h6 7. Nh3 e6 8. Nf4 Bd6 9. Bd3 O-O 10. O-O e5 11. dxe5 Nxe5 12. Be2 Qc7 13. Nd4 Re8 14. c3 Bg4 15. h3 Bxe2 16. Nfxe2 Rad8 17. Qc2 Ng6 18. a4 Nf4 19. Bxf4 Bxf4 20. Rfe1 Bh2+ 21. Kh1 Be5 22. Nf3 Bd6 23. Ned4 Bf8 24. Kg1 a6 25. Qf5 Rd5 26. Qc2 Red8 27. Re2 g6 28. Rae1 c5 29. Nb3 R5d7 30. Nbd2 Bg7 31. Nc4 b5 32. axb5 axb5 33. Na3 Qb7 34. Ne5 Rd5 35. c4 bxc4 36. Naxc4 Qb4 37. Nc6 Qb7 38. Nxd8 Rxd8 39. Re7 Qd5 40. b3 h5 41. Qe2 Rf8 42. Qd2 Qa8 43. Qd3 Nd5 44. R7e4 Nb4 45. Qd7 Nc2 46. Re8 Qa2 47. Rxf8+ Bxf8 48. Re8 Qa1+ 49. Kh2 Qf6 50. Qc8 Qf4+ 51. Kg1 Qc1+ 52. Kh2 Qf4+ 53. Kh1 Qc1+ 54. Kh2 Qf4+ 1/2-1/2


[Site "https://www.chess.com"]

[Event "Titled Tuesday Blitz May 24 Late 2022"]
[White "Yurasova, Daria"]
[Black "Richter, Nils"]
[WhiteFideId "34146919"]
[BlackFideId "12990809"]
[WhiteElo "2021"]
[BlackElo "2243"]
[Result "0-1"]
[Round "03"]
[TimeControl "180+1"]
[Date "2022.05.25"]
[WhiteClock "0:01:58"]
[BlackClock "0:01:37"]

1. d4 Nf6 2. Nf3 g6 3. c4 Bg7 4. Nc3 O-O 5. e4 d6 6. Ke2 c5 7. Ke1 cxd4 8. Nxd4 Nc6 9. Be3 Ng4 10. Be2 Nxe3 11. fxe3 Qb6 12. Nxc6 bxc6 13. Qd2 Rb8 14. Nd1 c5 15. Kf2 Bb7 16. Bd3 f5 17. exf5 Qc6 18. Rg1 gxf5 19. Nc3 e6 20. Qe2 Qd7 21. Qd2 f4 22. e4 Bd4+ 23. Kf3 Be3 24. Qe2 Qf7 25. Rgf1 Qh5+ 26. g4 Qh3# 0-1


[Site "https://www.chess.com"]

[Event "Titled Tuesday Blitz May 24 Late 2022"]
[White "Zakhartsov, Vladimir"]
[Black "Vega Gutierrez, Sabrina"]
[WhiteFideId "4145097"]
[BlackFideId "2219026"]
[WhiteElo "2428"]
[BlackElo "2286"]
[Result "1-0"]
[Round "03"]
[TimeControl "180+1"]
[Date "2022.05.24"]
[WhiteClock "0:00:12"]
[BlackClock "0:00:01"]

1. d4 d5 2. Nf3 Nf6 3. c4 e6 4. Nc3 a6 5. cxd5 exd5 6. Bg5 Be6 7. Qb3 b5 8. Bxf6 Qxf6 9. a4 b4 10. Nxd5 Qd8 11. e4 c6 12. Qe3 cxd5 13. exd5 Qxd5 14. Rc1 Be7 15. Bc4 Qd6 16. Bd3 Nd7 17. O-O O-O 18. d5 Bxd5 19. Rfd1 Nf6 20. Nd4 Rfe8 21. Nf5 Qe6 22. Qg3 g6 23. Re1 Qd7 24. Rc7 Qxf5 25. Bxf5 Bd6 26. f4 Bxc7 27. Rxe8+ Rxe8 28. Bd3 Bb6+ 29. Kf1 Nh5 30. Qg5 Bc6 31. a5 Bd4 32. Bxa6 Re4 33. g3 f6 34. Qg4 Re3 35. Qc8+ Kg7 36. Qxc6 Bxb2 37. Be2 Kh6 38. a6 Bc3 39. a7 b3 40. a8=Q b2 41. Qab7 1-0


[Site "https://www.chess.com"]

[Event "Titled Tuesday Blitz May 24 Late 2022"]
[White "Andreikin, Dmitry"]
[Black "Kim, Yoon-Young"]
[WhiteFideId "4158814"]
[BlackFideId "30908779"]
[WhiteElo "2736"]
[BlackElo "2109"]
[Result "1-0"]
[Round "04"]
[TimeControl "180+1"]
[Date "2022.05.24"]
[WhiteClock "0:01:37"]
[BlackClock "0:00:19"]

1. d4 Nf6 2. c4 e6 3. Nf3 d5 4. g3 g6 5. Bg2 Bg7 6. O-O O-O 7. Nc3 Nc6 8. Bg5 h6 9. Bxf6 Bxf6 10. e3 Ne7 11. Rc1 c6 12. Ne5 Bg7 13. f4 Nf5 14. Qe2 Kh7 15. Rfd1 f6 16. Nf3 Nd6 17. b3 f5 18. Ne5 Qe7 19. h4 Nf7 20. Nd3 Bd7 21. c5 b5 22. a4 a6 23. b4 Bf6 24. Ra1 g5 25. hxg5 hxg5 26. Kf2 Kg7 27. Rh1 Nh6 28. Bf3 g4 29. Bg2 Rh8 30. Qa2 Qd8 31. Ne2 Nf7 32. Rxh8 Qxh8 33. axb5 cxb5 34. Ne5 Bxe5 35. dxe5 Qd8 36. Nd4 Qe8 37. Qa5 1-0


[Site "https://www.chess.com"]

[Event "Titled Tuesday Blitz May 24 Late 2022"]
[White "Antipov, Mikhail Al."]
[Black "Pershin, Denis"]
[WhiteFideId "4107012"]
[BlackFideId "24165506"]
[WhiteElo "2512"]
[BlackElo "2275"]
[Result "1-0"]
[Round "04"]
[TimeControl "180+1"]
[Date "2022.05.24"]
[WhiteClock "0:01:00"]
[BlackClock "0:00:02"]

1. e4 c6 2. d4 d5 3. exd5 cxd5 4. Bd3 Nc6 5. c3 Qc7 6. h3 Nf6 7. Nf3 e6 8. O-O Bd6 9. Re1 O-O 10. Nbd2 b6 11. Qe2 Bb7 12. Ne5 Bxe5 13. dxe5 Nd7 14. Nf3 Rfe8 15. Bf4 Nc5 16. Bc2 Ne4 17. Ng5 Nxg5 18. Bxg5 Ne7 19. Rad1 Ng6 20. Bc1 Qc4 21. Qh5 Qxa2 22. Rd4 Qa5 23. Rh4 Nxh4 24. Qxh7+ Kf8 25. Bg5 Ng6 26. Bxg6 fxg6 27. Bf6 Re7 28. Qh8+ Kf7 29. Qxg7+ Ke8 30. Qxe7# 1-0


[Site "https://www.chess.com"]

[Event "Titled Tuesday Blitz May 24 Late 2022"]
[White "Antonio, Jorge Carlos"]
[Black "Milchev, Nikolay"]
[WhiteFideId "113190"]
[BlackFideId "2906090"]
[WhiteElo "2247"]
[BlackElo "2449"]
[Result "1-0"]
[Round "04"]
[TimeControl "180+1"]
[Date "2022.05.25"]
[WhiteClock "0:00:38"]
[BlackClock "0:02:29"]

1. d4 Nf6 2. Nf3 g6 3. c4 Bg7 4. Nc3 O-O 5. e4 d6 6. Be2 c5 7. dxc5 dxc5 8. Be3 b6 9. Qc2 Nc6 10. Rd1 Qc7 11. Nd5 Qb7 12. O-O Ng4 13. Bf4 Nge5 14. Nxe5 Nxe5 15. Bxe5 Bxe5 16. f4 Bd4+ 17. Kh1 e6 18. Rxd4 cxd4 19. Nf6+ Kg7 20. e5 Qc7 21. Bd3 Bb7 22. Qf2 Rad8 23. Qh4 h6 24. b4 a5 25. Rf3 axb4 26. Qxh6+ Kxh6 27. Rh3+ 1-0


[Site "https://www.chess.com"]

[Event "Titled Tuesday Blitz May 24 Late 2022"]
[White "Araujo Sanchez, Josue"]
[Black "Ansh M Shah"]
[WhiteFideId "6416896"]
[BlackFideId "25033379"]
[WhiteElo "2339"]
[BlackElo "1819"]
[Result "1-0"]
[Round "04"]
[TimeControl "180+1"]
[Date "2022.05.25"]
[WhiteClock "0:02:07"]
[BlackClock "0:00:57"]

1. e4 c6 2. Nc3 d5 3. Qf3 dxe4 4. Nxe4 Nf6 5. Bc4 e6 6. Ne2 Be7 7. O-O O-O 8. d4 b5 9. Bd3 a6 10. a4 Nbd7 11. Nxf6+ Nxf6 12. axb5 Qd5 13. bxc6 Qxf3 14. gxf3 Nd5 15. c3 a5 16. Nf4 Nb6 17. Re1 Bd6 18. c4 Bb4 19. Re2 Rd8 20. Be3 Ba6 21. b3 Rdc8 22. d5 exd5 23. Bxb6 dxc4 24. Bxc4 Bxc4 25. bxc4 Rxc6 26. Nd5 Rxc4 27. Nxb4 Rxb4 28. Rxa5 Rc8 29. Rc5 Ra8 30. Rce5 Ra1+ 31. Kg2 h6 32. Re8+ Kh7 33. Be3 Ra6 34. f4 h5 35. Re7 Rg6+ 36. Kf3 f5 37. Rd2 Rb1 38. Rdd7 Rh1 39. Bd4 Rxh2 40. Bxg7 Rxg7 41. Rxg7+ Kh6 42. Rh7+ Kg6 43. Rdg7+ Kf6 44. Ra7 Kg6 45. Rhc7 h4 46. Rc6+ Kh5 47. Rh7# 1-0


[Site "https://www.chess.com"]

[Event "Titled Tuesday Blitz May 24 Late 2022"]
[White "Aung Thant Zin"]
[Black "Krallis, Christos"]
[WhiteFideId "13000063"]
[BlackFideId "4298896"]
[WhiteElo "2278"]
[BlackElo "2234"]
[Result "0-1"]
[Round "04"]
[TimeControl "180+1"]
[Date "2022.05.25"]
[WhiteClock "0:00:53"]
[BlackClock "0:01:01"]

1. e4 e5 2. Nf3 Nc6 3. d4 exd4 4. Nxd4 Bc5 5. Nb3 Bb6 6. a4 a6 7. Be2 Nf6 8. Nc3 O-O 9. O-O h6 10. Kh1 d6 11. Bf4 Re8 12. f3 Be6 13. Bg3 Nh5 14. Bf2 Bxf2 15. Rxf2 Qh4 16. Kg1 Nf4 17. Bf1 Qd8 18. Nd4 Nxd4 19. Qxd4 Qg5 20. Kh1 Qe5 21. Qxe5 dxe5 22. Rd1 Red8 23. Rfd2 Rxd2 24. Rxd2 Kf8 25. g3 Ng6 26. Kg1 Ke7 27. Kf2 Nf8 28. Ke3 Nd7 29. f4 f6 30. b3 exf4+ 31. gxf4 g5 32. f5 Bf7 33. Bc4 Bxc4 34. bxc4 c6 35. Ne2 Ne5 36. c5 Nc4+ 0-1


[Site "https://www.chess.com"]

[Event "Titled Tuesday Blitz May 24 Late 2022"]
[White "Baches Garcia, Guillermo"]
[Black "Lopez Del Alamo, Antonio"]
[WhiteFideId "2209764"]
[BlackFideId "2227339"]
[WhiteElo "2466"]
[BlackElo "2089"]
[Result "1-0"]
[Round "04"]
[TimeControl "180+1"]
[Date "2022.05.25"]
[WhiteClock "0:00:02"]
[BlackClock "0:00:04"]

1. e4 c5 2. Nf3 e6 3. c4 d6 4. Nc3 Nf6 5. Be2 Be7 6. O-O O-O 7. d4 cxd4 8. Nxd4 a6 9. Be3 b6 10. f3 Bb7 11. Qd2 Qc7 12. Rfc1 Nbd7 13. a4 Rfc8 14. a5 bxa5 15. Nb3 Nc5 16. Nxa5 Rcb8 17. b4 Ncd7 18. Na4 Bc8 19. Rab1 Ne5 20. c5 dxc5 21. bxc5 Rxb1 22. Rxb1 Bd7 23. Rb7 Qd8 24. Nb6 Rb8 25. Rxb8 Qxb8 26. Bxa6 Qc7 27. Qb4 Be8 28. Bf1 Nfd7 29. Nb3 Nc6 30. Qc3 Bf6 31. Qc1 h6 32. f4 Be7 33. e5 Na7 34. Nxd7 Bxd7 35. Qc4 Bb5 36. Qd4 Nc6 37. Qd2 Ba4 38. Nd4 Bxc5 39. Nxc6 Qxc6 40. h3 1-0


[Site "https://www.chess.com"]

[Event "Titled Tuesday Blitz May 24 Late 2022"]
[White "Barp, Alberto"]
[Black "Sydoryka, Vladyslav"]
[WhiteFideId "872555"]
[BlackFideId "14145928"]
[WhiteElo "2229"]
[BlackElo "2283"]
[Result "1-0"]
[Round "04"]
[TimeControl "180+1"]
[Date "2022.05.25"]
[WhiteClock "0:00:15"]
[BlackClock "0:00:02"]

1. d4 Nf6 2. c4 c5 3. d5 e6 4. Nc3 d6 5. e4 g6 6. Nge2 Bg7 7. Ng3 O-O 8. Be2 exd5 9. cxd5 Re8 10. O-O a6 11. a4 Nbd7 12. Be3 h5 13. f3 h4 14. Nh1 Nh7 15. Nf2 f5 16. Qd2 Ne5 17. f4 Nf7 18. Bd3 Nf6 19. exf5 Bxf5 20. Bxf5 gxf5 21. Rfe1 Qd7 22. Qd3 Nh6 23. h3 Nh5 24. Rad1 Re7 25. Bd2 Rae8 26. Rxe7 Rxe7 27. b3 Ng3 28. Nh1 Bd4+ 29. Kh2 Ne4 30. Ne2 Bf6 31. Be1 Qe8 32. Qf3 c4 33. bxc4 Qxa4 34. Nd4 Qxc4 35. Ne6 Nc5 36. Ng5 Qe2 37. Bxh4 Qxf3 38. Nxf3 Bxh4 39. Nxh4 b5 40. Ng3 b4 41. Nhxf5 Nxf5 42. Nxf5 Rd7 43. Nd4 a5 44. Nc6 b3 45. Nxa5 Ra7 46. Nc4 Ra2 47. Nxd6 b2 48. Nc4 Nd3 49. d6 Nf2 50. d7 Nxd1 51. d8=Q+ Kf7 52. Qxd1 Kf6 53. Qd4+ Kf7 54. Qd5+ 1-0


[Site "https://www.chess.com"]

[Event "Titled Tuesday Blitz May 24 Late 2022"]
[White "Barria Zuniga, Daniel"]
[Black "Can, Melih Kaan"]
[WhiteFideId "3400816"]
[BlackFideId "6317383"]
[WhiteElo "2414"]
[BlackElo "2049"]
[Result "0-1"]
[Round "04"]
[TimeControl "180+1"]
[Date "2022.05.25"]
[WhiteClock "0:00:01"]
[BlackClock "0:00:02"]

1. c4 c5 2. g3 Nc6 3. Bg2 g6 4. Nc3 Bg7 5. a3 Nf6 6. Rb1 a5 7. e3 O-O 8. Nge2 e6 9. d4 cxd4 10. exd4 d5 11. c5 b6 12. O-O bxc5 13. dxc5 Rb8 14. Bf4 Rb7 15. Bd6 Re8 16. Qa4 Bd7 17. Rfd1 Qa8 18. Qh4 Rc8 19. b4 Ne8 20. b5 Nxd6 21. cxd6 Ne5 22. a4 Nc4 23. Nxd5 exd5 24. Bxd5 Nb6 25. Bg2 Qb8 26. Nd4 Nc4 27. Nc6 Bxc6 28. Bxc6 Rxc6 29. bxc6 Rxb1 30. Rxb1 Qxb1+ 31. Kg2 Nxd6 32. Qd8+ Bf8 33. c7 Qb7+ 34. f3 Qc8 35. Kf2 Kg7 36. Ke3 Qe6+ 37. Kd3 Be7 38. Qb8 Qc4+ 39. Kd2 Bf6 40. Qb6 Qc3+ 0-1


[Site "https://www.chess.com"]

[Event "Titled Tuesday Blitz May 24 Late 2022"]
[White "Bonte, Andrei-Mihai"]
[Black "Dahlgren, James Allen"]
[WhiteFideId "1210297"]
[BlackFideId "22256873"]
[WhiteElo "2192"]
[BlackElo "2077"]
[Result "1-0"]
[Round "04"]
[TimeControl "180+1"]
[Date "2022.05.25"]
[WhiteClock "0:00:26"]
[BlackClock "0:00:24"]

1. d4 e6 2. c4 d5 3. Nf3 Nf6 4. Nc3 c6 5. e3 Be7 6. b3 a6 7. Bd3 b5 8. O-O O-O 9. a4 b4 10. Ne2 Ne4 11. Bb2 f5 12. a5 Nd7 13. Ne5 Nxe5 14. dxe5 g5 15. cxd5 exd5 16. Qc2 c5 17. f3 Nc3 18. Nxc3 bxc3 19. Qxc3 Be6 20. Rfd1 Qc7 21. Bc2 Rfd8 22. Qd3 d4 23. exd4 cxd4 24. Kh1 Rac8 25. Rd2 Bb4 26. Re2 Bc3 27. Bxc3 Qxc3 28. Qxa6 Rc6 29. Qd3 Qxd3 30. Bxd3 Bxb3 31. Bxf5 d3 32. Rd2 Bc2 33. g4 Ra6 34. e6 Rd5 35. Rxc2 dxc2 36. Bxc2 Raxa5 37. Rxa5 Rxa5 38. Bf5 Ra2 39. Kg1 Kf8 40. Bxh7 Ke7 41. Bf5 Kf6 42. Kf1 Rxh2 43. Ke1 Ra2 44. Kf1 Ke5 45. e7 Ra8 46. Bd7 Ra1+ 47. Kf2 1-0


[Site "https://www.chess.com"]

[Event "Titled Tuesday Blitz May 24 Late 2022"]
[White "Bortnyk, Olexandr"]
[Black "Pranav, V"]
[WhiteFideId "14120828"]
[BlackFideId "25060783"]
[WhiteElo "2723"]
[BlackElo "2349"]
[Result "1-0"]
[Round "04"]
[TimeControl "180+1"]
[Date "2022.05.24"]
[WhiteClock "0:00:05"]
[BlackClock "0:01:11"]

1. d4 Nf6 2. Nc3 d5 3. Bf4 c5 4. e4 Nxe4 5. Nxe4 dxe4 6. dxc5 Nd7 7. b4 a5 8. a3 axb4 9. axb4 Rxa1 10. Qxa1 b6 11. c6 Nf6 12. Bb5 Qd5 13. Qa8 e5 14. Qxc8+ Ke7 15. Qc7+ Ke6 16. Qc8+ Ke7 17. c7 exf4 18. Qb8 e3 19. fxe3 fxe3 20. Nf3 Nd7 21. Qd8+ Ke6 22. Ng5+ Kf5 23. O-O+ Kg6 24. c8=Q e2 25. Bxe2 Bxb4 26. Qdxd7 Bc5+ 27. Kh1 Qxg5 28. Qxf7+ Kh6 29. Qh3+ 1-0


[Site "https://www.chess.com"]

[Event "Titled Tuesday Blitz May 24 Late 2022"]
[White "Bryakin, Mikhail"]
[Black "O`Gorman, Tom"]
[WhiteFideId "4165314"]
[BlackFideId "2508249"]
[WhiteElo "2417"]
[BlackElo "2247"]
[Result "1-0"]
[Round "04"]
[TimeControl "180+1"]
[Date "2022.05.24"]
[WhiteClock "0:00:54"]
[BlackClock "0:00:11"]

1. e4 c5 2. Nf3 d6 3. Bb5+ Bd7 4. a4 Nf6 5. d3 g6 6. O-O Bg7 7. h3 O-O 8. Nc3 Nc6 9. Bf4 a6 10. Bxc6 Bxc6 11. a5 Nd7 12. Qd2 e5 13. Bh6 f5 14. Bg5 Bf6 15. Bxf6 Qxf6 16. Qg5 Rae8 17. Qxf6 Nxf6 18. Nd2 Nh5 19. Nc4 Rf6 20. f3 Nf4 21. Kh2 Kf7 22. Ne3 Ke6 23. g3 Nh5 24. Ned5 Rf7 25. b4 Ref8 26. Kg2 Nf6 27. bxc5 Nxd5 28. exd5+ Bxd5 29. Nxd5 Kxd5 30. cxd6 Kxd6 31. Rfb1 Rc8 32. Rb6+ Rc6 33. Rab1 Rc7 34. c4 Rxb6 35. Rxb6+ Kc5 36. Kf2 e4 37. dxe4 fxe4 38. fxe4 Kxc4 39. Ke3 Re7 40. h4 Kc5 41. g4 Kc4 42. h5 gxh5 43. gxh5 Re5 44. h6 Rh5 45. Rxb7 Rxh6 46. Rb6 Rh3+ 47. Kf4 Kd4 48. Rd6+ Kc5 49. Rxa6 Kb5 50. Ra8 Ra3 51. e5 Kc6 52. Kf5 h5 53. e6 Kb7 54. Rh8 Rxa5+ 55. Kf6 Ra1 56. e7 Rf1+ 57. Kg5 Rg1+ 58. Kf4 Rf1+ 59. Kg3 Rg1+ 60. Kf2 1-0


[Site "https://www.chess.com"]

[Event "Titled Tuesday Blitz May 24 Late 2022"]
[White "Clawitter, Craig"]
[Black "Bibasa, Bob"]
[WhiteFideId "2023105"]
[BlackFideId "10000240"]
[WhiteElo "2216"]
[BlackElo "2032"]
[Result "0-1"]
[Round "04"]
[TimeControl "180+1"]
[Date "2022.05.25"]
[WhiteClock "0:00:01"]
[BlackClock "0:00:45"]

1. e4 c5 2. Nf3 d6 3. d4 cxd4 4. Nxd4 Nf6 5. Nc3 a6 6. Be3 e5 7. Nb3 Be6 8. f3 Be7 9. Qd2 h5 10. Nd5 Nxd5 11. exd5 Bf5 12. Be2 Nd7 13. O-O O-O 14. c4 a5 15. Rac1 a4 16. Na1 Nc5 17. Nc2 Bf6 18. Bxc5 dxc5 19. Ne3 Bg6 20. Bd3 Bxd3 21. Qxd3 Bg5 22. Rce1 g6 23. Re2 Qd6 24. Rfe1 Rae8 25. Nf1 Kg7 26. Qa3 b5 27. cxb5 Qxd5 28. Qxa4 f5 29. b6 c4 30. Qb4 Be7 31. Qc3 Bc5+ 32. Ne3 f4 33. Rd2 Qe6 34. Kh1 Bxe3 35. Rc2 Qxb6 36. Qxc4 Kh6 37. Qe4 Qd4 38. Qb7 Rb8 0-1


[Site "https://www.chess.com"]

[Event "Titled Tuesday Blitz May 24 Late 2022"]
[White "Colivet Gamboa, Julio Cesar"]
[Black "Bernal Moro, Luis Javier"]
[WhiteFideId "3949583"]
[BlackFideId "2200236"]
[WhiteElo "1743"]
[BlackElo "2373"]
[Result "0-1"]
[Round "04"]
[TimeControl "180+1"]
[Date "2022.05.25"]
[WhiteClock "0:00:09"]
[BlackClock "0:00:17"]

1. c4 c5 2. Nc3 Nc6 3. g3 g6 4. Bg2 Bg7 5. e4 d6 6. Nge2 e6 7. O-O Nge7 8. d3 O-O 9. Be3 Nd4 10. f4 Rb8 11. a4 b6 12. h3 Bb7 13. Kh2 Qd7 14. Rb1 f5 15. Bxd4 cxd4 16. Nb5 Nc6 17. exf5 gxf5 18. b3 a5 19. Qd2 e5 20. fxe5 dxe5 21. Qg5 Kh8 22. Rf2 Nd8 23. Bxb7 Rxb7 24. Rbf1 Ne6 25. Qh5 Nc5 26. Nc1 f4 27. gxf4 e4 28. Qd5 Qxd5 29. cxd5 e3 30. Rc2 Rd7 31. d6 Be5 32. Ne2 Nxd3 33. Nexd4 Nxf4 34. h4 Nd3+ 35. Kg2 Rg7+ 36. Kh3 Rxf1 37. Rc8+ Rg8 38. d7 Nf2# 0-1


[Site "https://www.chess.com"]

[Event "Titled Tuesday Blitz May 24 Late 2022"]
[White "D`Arruda, Ricardo D."]
[Black "Kujawski, Adam"]
[WhiteFideId "100692"]
[BlackFideId "1100920"]
[WhiteElo "2497"]
[BlackElo "1982"]
[Result "0-1"]
[Round "04"]
[TimeControl "180+1"]
[Date "2022.05.25"]
[WhiteClock "0:00:19"]
[BlackClock "0:00:25"]

1. c3 d5 2. d4 e6 3. Nf3 c5 4. e3 Nc6 5. Be2 Nf6 6. O-O Bd6 7. Nbd2 O-O 8. dxc5 Bxc5 9. Nd4 e5 10. N4b3 Bb6 11. c4 d4 12. c5 Bc7 13. Nc4 Be6 14. exd4 exd4 15. Bg5 h6 16. Bh4 Bxc4 17. Bxc4 Ne5 18. Be2 d3 19. Bf3 Rb8 20. Bg3 Nxf3+ 21. Qxf3 Bxg3 22. hxg3 Qd5 23. Rfd1 Rfd8 24. Qxd5 Rxd5 25. f3 b6 26. cxb6 axb6 27. Rd2 Ra8 28. Rad1 Rxa2 29. Rxd3 Rxd3 30. Rxd3 Rxb2 31. Nd4 b5 32. Rb3 Rxb3 33. Nxb3 Kf8 34. Kf2 Ke7 35. Ke3 Kd6 36. Kd4 Nh5 37. g4 Nf4 38. g3 Ne2+ 39. Ke3 Nc3 40. Nd4 Kc5 41. Kd3 Nd5 42. Nf5 b4 43. Nxg7 b3 44. Nf5 Kb4 45. Nxh6 b2 46. Kc2 Ka3 47. Nf5 Ka2 48. Nd4 b1=Q+ 0-1


[Site "https://www.chess.com"]

[Event "Titled Tuesday Blitz May 24 Late 2022"]
[White "De Souza, Regis Gabetta"]
[Black "Rustemov, Alexander"]
[WhiteFideId "22756930"]
[BlackFideId "4119002"]
[WhiteElo "1926"]
[BlackElo "2849"]
[Result "0-1"]
[Round "04"]
[TimeControl "180+1"]
[Date "2022.05.24"]
[WhiteClock "0:00:01"]
[BlackClock "0:00:11"]

1. d4 f5 2. c4 Nf6 3. g3 g6 4. Bg2 Bg7 5. Nc3 d6 6. e4 fxe4 7. Nxe4 Nxe4 8. Bxe4 O-O 9. Ne2 Nc6 10. O-O Bh3 11. Re1 Bg4 12. Be3 e5 13. d5 Nd4 14. Bxd4 exd4 15. Qd3 Qf6 16. Rf1 Bh3 17. Bg2 Bf5 18. Qb3 d3 19. Nf4 Qxb2 20. Rad1 Qxb3 21. axb3 a5 22. Nxd3 g5 23. Rfe1 Bc3 24. Re7 Rf7 25. Rxf7 Kxf7 26. h3 a4 27. bxa4 Rxa4 28. g4 Bg6 29. f4 gxf4 30. Nxf4 Bc2 31. Rf1 Ke7 32. Rc1 Bd4+ 33. Kh1 Rxc4 34. Ne6 Bb6 35. Re1 Kf6 36. Rf1+ Ke7 37. Re1 Ba5 38. Rf1 c6 39. Ng5 Bg6 40. Ra1 Bc3 41. Ra7 cxd5 42. Rxb7+ Kf6 43. Nf3 d4 44. g5+ Ke6 45. h4 d3 46. Bh3+ Kd5 47. Bg2 Be4 48. Rb5+ Rc5 49. Rb1 Kc4 50. Kg1 d2 51. Rd1 Kd3 52. Bf1+ Kc2 53. Be2 Bxf3 54. Bxf3 Re5 55. Kf2 Re1 0-1


[Site "https://www.chess.com"]